 Dungeon Crawl Stone Soup version 0.24-a0-584-g9d6b971 (console) character file.

Game seed: 15280753523642290064, levelgen mode: deterministic

60 vegansnacktivist the Skirmisher (level 3, 0/29 HPs)
             Began as a Demonspawn Transmuter on Sept 6, 2019.
             Slain by a kobold
             ... wielding a +0 whip
              (4 damage)
             ... on level 3 of the Dungeon.
             The game lasted 00:02:42 (1904 turns).

vegansnacktivist the Skirmisher (DsTm)              Turns: 1904, Time: 00:02:43

Health: 0/29       AC:  3    Str: 11    XL:     3   Next: 80%
Magic:  6/6        EV: 12    Int: 14    God:
Gold:   75         SH:  0    Dex: 13    Spells: 5/6 levels left

rFire    . . .     SeeInvis .     - Unarmed
rCold    . . .     Gourm    .   (no shield)
rNeg     . . .     Faith    .   b - +0 robe
rPois    .         Spirit   .   (no helmet)
rElec    .         Reflect  .   (no cloak)
rCorr    .         Harm     .   (no gloves)
MR       .....                  (no boots)
Stlth    +.........             (no amulet)
HPRegen  0.09/turn              c - +1 ring of protection
MPRegen  0.10/turn              (no ring)

@: slowed, very slow
A: talons 2
a: no special abilities


You were on level 3 of the Dungeon.
You were not hungry.

You visited 1 branch of the dungeon, and saw 3 of its levels.

You collected 75 gold pieces.

Inventory:

Missiles
 a - 12 arrows
Armour
 b - a +0 robe (worn)
Jewellery
 c - a +1 ring of protection (left hand)
Scrolls
 e - 3 scrolls of teleportation
 g - 2 scrolls of enchant weapon {unknown}
Potions
 i - a potion of agility {unknown}
Comestibles
 d - 5 rations
 h - 5 chunks of flesh


   Skills:
 + Level 3.4 Fighting
 - Level 1.7 Dodging
 - Level 3.0 Unarmed Combat
 - Level 2.0 Spellcasting
 - Level 1.7 Transmutations


You had 5 spell levels left.
You knew the following spells:

 Your Spells              Type           Power        Failure   Level  Hunger
a - Beastly Appendage     Tmut           #.....       12%         1    ##.....

Your spell library contained the following spells:

 Spells                   Type           Power        Failure   Level  Hunger
 Sticks to Snakes         Tmut           #.......     17%         2    ###....
 Spider Form              Tmut/Pois      #.........   45%         3    ####...
 Ice Form                 Ice/Tmut       #.......     86%         4    #####..
 Blade Hands              Tmut           #.........   97%         5    ######.


Dungeon Overview and Level Annotations

Branches:
Dungeon (3/15)

Altars:
Makhleb
Zin


Innate Abilities, Weirdness & Mutations

You have razor-sharp toenails.


Message History

You are too injured to fight recklessly!
You are too injured to fight recklessly!
You are too injured to fight recklessly!
You are too injured to fight recklessly!
You are too injured to fight recklessly!
You are too injured to fight recklessly!
Unknown command.
It was a potion of curing.
You feel better. The kobold hits you but does no damage.
The ooze hits you but does no damage. The kobold hits you with a +0 whip.
You closely miss the kobold. You claw the kobold.
The kobold is moderately wounded.
The ooze closely misses you. The kobold hits you with a +0 whip.
* * * LOW HITPOINT WARNING * * *
You closely miss the kobold.
The kobold is moderately wounded.
The ooze barely misses you. The kobold hits you with a +0 whip.
* * * LOW HITPOINT WARNING * * *
The ooze closely misses you. The kobold hits you with a +0 whip.
You die...

......#.##
#.....#..
#....... #......
#.....#
#.....#####
#.###.
#..JK..$...
#####.....
#..@.##....
.........#
##.........
.........#
#(###.....
.........# #.#
#... .........#
#(# ##
.........####.#
..............###
.......).######<#
#####...### ###.#


You could see an ooze and a kobold.

Vanquished Creatures
  2 adders (D:2)
  A dart slug (D:1)
  2 leopard geckos (D:1)
  A giant cockroach (D:1)
  3 goblins
  6 hobgoblins
  2 jackals (D:3)
  3 kobolds
  6 bats
  6 frilled lizards
  5 rats
37 creatures vanquished.

Notes
Turn   | Place    | Note
-------+----------+-------------------------------------------
     0 | D:1      | vegansnacktivist the Demonspawn Transmuter began the quest
                  | for the Orb.
     0 | D:1      | Reached XP level 1. HP: 15/15 MP: 3/3
   413 | D:1      | Gained mutation: You have sharp toenails. [demonic
                  | ancestry]
   413 | D:1      | Reached XP level 2. HP: 18/22 MP: 5/5
  1179 | D:2      | Found a burning altar of Makhleb.
  1179 | D:2      | Found a glowing silver altar of Zin.
  1180 | D:2      | Noticed an angel
  1180 | D:2      | Noticed a green death
  1220 | D:2      | Gained mutation: You have razor-sharp toenails. [demonic
                  | ancestry]
  1220 | D:2      | Reached XP level 3. HP: 15/28 MP: 6/6
  1308 | D:2      | Noticed a water moccasin
  1904 | D:3      | Slain by a kobold

Levels and vault maps discovered:
D:1:      dpeg_arrival_shrine, layout_basic, st_stairs_2, minmay_hedge_maze,
          minmay_crystal_water, serial_park_tiny_1,
          hangedman_abyss_or_decor_stabs
D:2:      layout_loops_ring, grunt_temple_overflow_order_and_chaos_2,
          nicolae_qazlal_style_of_elements
D:3:      layout_basic, gammafunk_temple_overflow_wave, first_ration, uniq_ijyb,
          uniq_robin

Skill      XL: |  1  2  3 |
---------------+----------+-----
Unarmed Combat | 3 |  3.0
Fighting       | 2 3 |  3.4
Dodging        | |  1.7
Spellcasting   | |  2.0
Transmutations | |  1.7

Action                   || total
-------------------------++-------
Melee: Unarmed           ||   131
       Punch             ||     1
       Kick              ||    17
 Cast: Beastly Appendage ||     2
  Use: Scroll            ||     2
       Potion            ||     1
 Stab: Sleeping          ||     1
  Eat: Chunk             ||     3
Armor: Robe              ||    31
Dodge: Dodged            ||    91

Table legend:
 A = Non-vault XP
 B = Vault XP
 C = Vault XP percentage of total XP
 D = Non-vault monster count
 E = Vault monster count
 F = Vault count percentage of total count
                 A         B        C        D         E       F
            +---------+---------+-------+---------+---------+-------
      Total |      82 |       4 |   4.7 |      35 |       2 |   5.4
            +---------+---------+-------+---------+---------+-------
        D:1 |      30 |       4 |  11.8 |      17 |       2 |  10.5
        D:2 |      46 |       0 |   0.0 |      15 |       0 |   0.0
        D:3 |       6 |       0 |   0.0 |       3 |       0 |   0.0
            +---------+---------+-------+---------+---------+-------
